 Dungeon Crawl Stone Soup version 0.15-a0-963-gb693d2a (webtiles) character file.

194 Iamburgie the Cudgeler (level 5, -3/32 HPs)
             Began as a Gargoyle Fighter on May 22, 2014.
             Was an Initiate of the Shining One.
             Slain by a gnoll
             ... wielding a +0,+0 spear
              (5 damage)
             ... on Level 4 of the Dungeon.
             The game lasted 00:11:19 (3569 turns).

Iamburgie the Cudgeler (Gargoyle Fighter)           Turns: 3569, Time: 00:11:19

HP  -3/32        AC 13     Str 20      XL: 5   Next: 73%
MP   5/5         EV  9     Int  8      God: the Shining One [......]
Gold 224         SH  0     Dex 10      Spells:  0 memorised,  4 levels left

rFire  . . .     SeeInvis .     a - +0 flail
rCold  . . .     Clarity  .     b - +1 scale mail
rNeg   + + .     Conserve .     (no shield)
rPois  +         rCorr    .     (no helmet)
rElec  +         rRot     +     s - +0 cloak
SustAb .         Spirit   .     (no gloves)
rMut   .         Warding  +     (no boots)
Gourm  .         Stasis   .     r - macabre finger necklace {Ward rN+}
MR     .....                    (no ring)
                                (no ring)
                                (no ring)

@: not resistant to hostile enchantments, extremely unstealthy
A: life protection 1, electricity resistance, unbreathing, petrification
resistance, AC +4
a: Renounce Religion


You were on level 4 of the Dungeon.
You worshipped the Shining One.
The Shining One was noncommittal.
You were very hungry.

You visited 1 branch of the dungeon, and saw 4 of its levels.

You collected 224 gold pieces.

Inventory:

Hand weapons
 a - a +0,+0 flail (weapon)
Armour
 b - a +1 scale mail (worn)
 c - a +0 shield
 s - a +0 cloak (worn)
Comestibles
 d - 3 bread rations
 g - 2 apples
 l - a royal jelly
Scrolls
 h - 2 scrolls of teleportation
 k - 3 scrolls of amnesia
 m - a scroll of recharging
 o - 2 scrolls of identify
Jewellery
 i - a +3 ring of dexterity {unknown}
 p - a +2 ring of protection {unknown}
 r - the macabre finger necklace (around neck) {Ward rN+}
   (You found it on level 4 of the Dungeon)

   [amulet of warding]

   It may prevent the melee attacks of summoned creatures.
   It protects you from negative energy.
Potions
 e - a potion of might
 f - 3 potions of heal wounds
 j - 2 potions of curing
 n - a potion of resistance {unknown}
 t - a potion of restore abilities {unknown}
 u - a potion of mutation {unknown}
 w - a potion of invisibility
Books
 q - a book of Wizardry

   Spells                             Type                      Level
   Agony                              Necromancy                   5
   Force Lance                        Conjuration                  5
   Dispersal                          Translocation                6
   Haste                              Charms                       6
   Invisibility                       Hexes                        6
   Spellforged Servitor               Conjuration/Summoning        7


   Skills:
 - Level 3.2 Fighting
 + Level 6.3 Maces & Flails
 - Level 3.2 Armour
 - Level 3.2 Shields


You had 4 spell levels left.
You didn't know any spells.

Dungeon Overview and Level Annotations

Branches:
Dungeon (4/15)
 Temple: D:4-7

Altars:
Gozag
Yredelemnul
Zin
The Shining One


Innate Abilities, Weirdness & Mutations

You are resistant to torment.
You are immune to poison.
You are immune to rotting.
Your stone body is very resilient (AC +4).
You resist negative energy.
You are resistant to electric shocks.
You can survive without breathing.
You are immune to petrification.


Message History

You feel much better. The gnoll hits you but does no damage.
Something hits you but does no damage. The iguana closely misses you.
You thump the iguana!
The iguana is heavily wounded.
The gnoll hits you but does no damage. Something hits you.
The iguana barely misses you.
You hit the iguana but do no damage.
The iguana is heavily wounded.
The gnoll hits you from afar with a spear.
The iguana bites you. Something hits you but does no damage.
You sock the iguana!
The iguana is almost dead.
The gnoll closely misses you. Something hits you.
* * * LOW HITPOINT WARNING * * *
The iguana bites you.
* * * LOW HITPOINT WARNING * * *
You hit the iguana.
You kill the iguana!
The gnoll hits you from afar with a spear.
You die...

#. .... #. ..... #.
......
#.#########......
#####................g
......................
#.##.#.......g.g.g.....
#...........)#####.###
#..####.####@#####.##
##.....##.........
#..#.......#.........
#.#.......#.....###
#....._.........#
#.#.......#....... ....
#.#.......#.###### #..#
##.....##.# #..#
#.####.####.# #..#


You could see a gnoll.

Vanquished Creatures
  An iguana (D:4)
  A worker ant (D:4)
  2 gnolls (D:4)
  3 adders
  A worm (D:3)
  An orc skeleton (D:4)
  5 giant geckos
  4 oozes
  2 orcs (D:3)
  7 giant cockroaches
  9 hobgoblins
  2 jackals (D:3)
  A quokka (D:4)
  12 bats
  7 giant newts
  10 goblins
  7 kobolds
  A kobold skeleton (D:4)
  6 rats
82 creatures vanquished.

Notes
Turn   | Place    | Note
--------------------------------------------------------------
     0 | D:1      | Iamburgie, the Gargoyle Fighter, began the quest for the Orb.
     0 | D:1      | Reached XP level 1. HP: 14/14 MP: 1/1
   313 | D:1      | Reached XP level 2. HP: 19/19 MP: 2/2
  1151 | D:2      | Reached XP level 3. HP: 21/23 MP: 3/3
  1385 | D:2      | Reached skill level 4 in Maces & Flails
  1936 | D:3      | Reached XP level 4. HP: 20/28 MP: 4/4
  2286 | D:3      | Found an opulent altar of Gozag.
  2286 | D:3      | Found a glowing golden altar of the Shining One.
  2296 | D:3      | Became a worshipper of the Shining One
  2444 | D:3      | Reached skill level 5 in Maces & Flails
  3413 | D:4      | Found a basalt altar of Yredelemnul.
  3458 | D:4      | Reached XP level 5. HP: 19/32 MP: 5/5
  3520 | D:4      | Found a glowing silver altar of Zin.
  3564 | D:4      | Reached skill level 6 in Maces & Flails
  3569 | D:4      | Slain by a gnoll

Action                   |  1- 3 |  4- 6 || total
-------------------------+-------+-------++-------
Melee: Flail             |   140 |   137 ||   277
  Use: Scroll            |       |    10 ||    10
       Potion            |       |     1 ||     1
